[Event "Team 45 45 League T34"]
[Site "Internet Chess Club"]
[Date "2007.08.10"]
[Round "4"]
[White "fantanaranja"]
[Black "OGO"]
[Result "1-0"]
[WhiteElo "1737"]
[BlackElo "1626"]
[Opening "Queen's Indian defense"]
[ECO "A47"]
[Time "12:05:06"]
[TimeControl "2700+45"]

1. d4 Nf6 2. Nf3 b6 3. c4 Bb7 4. Nc3 d6 5. Bg5 e6 6. e4 Be7 7. Bd3 Nbd7 8. O-O
e5 9. a4 O-O 10. h3 Rc8 11. Qc2 a6 12. b4 h6 13. Be3 Re8 14. d5 c6 15. a5 cxd5
16. cxd5 b5 17. Qb2 Nb8 18. Bb6 Qd7 19. Rac1 Bd8 20. Bxd8 Rexd8 21. Rc2 Rc7 22.
Rfc1 Rdc8 23. Nd2 Nh5 24. Be2 Nf6 25. Nd1 Qe7 26. Ne3 Rxc2 27. Rxc2 Rc7 28. Nf5
Qd8 29. Qc1 Ne8 30. Rxc7 Nxc7 31. Qc3 Bc8 32. Bg4 Bxf5 33. Bxf5 h5 34. h4 Ne8
35. Nf3 Qc7 36. Qxc7 Nxc7 37. Bc8 f6 38. Ne1 Kf7 39. Nd3 g6 40. f4 Ne8 41. Kf2
Ke7 42. Kf3 Nd7 43. Bxa6 Nc7 44. Bb7 Nb8 45. Nc1 Nba6 46. Na2 Kd7 47. Bxa6 Nxa6
48. Nc3 Nc7 49. g4 Ke7 50. fxe5 fxe5 51. gxh5 gxh5 52. Ne2 Na6 53. Ng3 Nxb4 54.
Ke3 Na6 55. Kd3 b4 56. Kc4 Kd7 57. Nxh5 Ke7 58. Ng3 Kf6 59. Nf5 Kg6 60. Nxd6 Kh5
61. Nf7 Kxh4 62. d6 b3 63. Kxb3 Nc5+ 64. Kc4 Nxe4 65. d7 {Black resigns} 1-0